 Dungeon Crawl Stone Soup version 0.30-a0-149-g7f746667c4 (webtiles) character file.

Game seed: 3959189397757655878

3 IdlyInterested the Grave Robber (level 1, 0/14 HPs)
             Began as a Demonspawn Wanderer on Sept 26, 2022.
             Slain by a giant cockroach (1 damage)
             ... on level 1 of the Dungeon.
             The game lasted 00:00:58 (181 turns).

IdlyInterested the Grave Robber (DsWn)               Turns: 181, Time: 00:00:58

Health: 0/14       AC:  5    Str: 13    XL:     1   Next: 41%
Magic:  2/2        EV: 10    Int: 14    God:
Gold:   0          SH:  0    Dex: 10    Spells: 2/2 levels left

rFire   . . .      SeeInvis .    a - +0 club
rCold   . . .      Faith    .    (no shield)
rNeg    . . .      Spirit   .    c - +0 ring mail
rPois   .          Reflect  .    (no helmet)
rElec   .          Harm     .    (no cloak)
rCorr   .          Rampage  .    (no gloves)
Will    .....                    (no boots)
Stlth   ..........               (no amulet)
HPRegen 0.04/turn                (no ring)
MPRegen 0.08/turn                (no ring)

@: no status effects
A: no striking features
a: no special abilities


You were on level 1 of the Dungeon.
You visited 1 branch of the dungeon, and saw 1 of its levels.

Inventory:

Hand Weapons
 a - a +0 club (weapon)
Armour
 c - a +0 ring mail (worn)
Scrolls
 d - a scroll of noise {unknown}
Potions
 b - a potion of haste


   Skills:
 * Level 0.7 Fighting
 + Level 1.8 Armour
 - Level 1.0 Spellcasting
 - Level 4.3 Necromancy
 - Level 1.7 Translocations
 - Level 1.0 Evocations


You had 2 spell levels left.
You didn't know any spells.
Your spell library contained the following spells:

 Spells                   Type           Power      Damage    Failure   Level
 Necrotise                Necr           48%        1d6       10%         1
 Apportation              Tloc           10%        N/A       26%         1
 Animate Dead             Necr           12%        N/A       67%         4
 Kindle Blastsparks       Fire/Tloc/Air  4%         2d10      78%         3
 Anguish                  Hex/Necr       3%         N/A       92%         4


Dungeon Overview and Level Annotations

Branches:
Dungeon (1/15)

Altars:


Message History

The quokka is moderately wounded.
The quokka bites you but does no damage.
The quokka bites you.
You hit the quokka.
The quokka is almost dead.
The quokka bites you but does no damage.
You hit the quokka but do no damage.
The quokka is almost dead.
The quokka barely misses you. The quokka bites you.
* * * LOW HITPOINT WARNING * * *
You hit the quokka.
You kill the quokka!
The giant cockroach bites you but does no damage.
You closely miss the giant cockroach.
The giant cockroach bites you but does no damage.
You hit the giant cockroach.
The giant cockroach is moderately wounded.
The giant cockroach closely misses you. The giant cockroach barely misses you.
You closely miss the giant cockroach.
The giant cockroach is moderately wounded.
The giant cockroach closely misses you.
You hit the giant cockroach.
The giant cockroach is heavily wounded.
The giant cockroach barely misses you.
The giant cockroach completely misses you.
You closely miss the giant cockroach.
The giant cockroach is heavily wounded.
The giant cockroach bites you.
* * * LOW HITPOINT WARNING * * *
The giant cockroach barely misses you.
You barely miss the giant cockroach.
The giant cockroach is heavily wounded.
The giant cockroach bites you but does no damage.
You hit the giant cockroach but do no damage.
The giant cockroach is heavily wounded.
The giant cockroach bites you but does no damage. x2
You hit the giant cockroach.
The giant cockroach is severely wounded.
The giant cockroach bites you.
You die...

# #.# . #..#. ##. ##.##.#
#..######..##.#
..............## ##
#............... .
#.#..##..........# .#
.>.........#####.#####.#
.....##.#..SB@.........#
... ...#†######.##..#.# .
.....#.##.....###'#
....#..#.##.##### #.#
..#.#..#.##.#######'#######
. . ...#....#.............#
# ...######.###########.#
.......#..# #.#######.#.#


You could see a giant cockroach and a ball python.

Vanquished Creatures
  A hobgoblin (D:1)
  A quokka (D:1)
  A rat (D:1)
3 creatures vanquished.

Notes
Turn   | Place    | Note
-------+----------+-------------------------------------------
     0 | D:1      | IdlyInterested the Demonspawn Wanderer began the quest for
                  | the Orb.
     0 | D:1      | IdlyInterested set off with the following items: a +0 club,
                  | a potion of haste, a +0 ring mail; and the following spells
                  | available to memorise: Necrotise, Apportation, Animate
                  | Dead, Kindle Blastsparks, Anguish.
     0 | D:1      | Reached XP level 1. HP: 13/13 MP: 2/2
   181 | D:1      | Slain by a giant cockroach

Illustrated notes

Levels and vault maps discovered:
D:1:      matt_arrival_los_fun, layout_basic,
          hellmonk_ecumenical_altar_crossroads

Action                   || total
-------------------------++-------
Melee: Club              ||    36
       Punch             ||     2
Armor: Ring mail         ||    20
Dodge: Dodged            ||    26

Table legend: (Time is in decaauts)
 A = Elapsed time spent in this place.
 B = Non-inter-level travel time spent in this place.
 C = Inter-level travel time spent in this place.
 D = Time resting spent in this place.
 E = Time spent auto-exploring this place.
 F = Levels seen in this place.
 G = Mean time per level.
                   A        B        C        D        E       F      G
               +--------+--------+--------+--------+--------+-----+--------+
         Total |    191 |    191 |      0 |     89 |     38 |   1 |  191.0 |
       Dungeon |    191 |    191 |      0 |     89 |     38 |   1 |  191.0 |
               +--------+--------+--------+--------+--------+-----+--------+

Top non-repeatable levels by time:
     D:1: 191 daAuts
